AoeStats
← Peshmerga424

Arena

510807131Analyzed
4v4 RM · 15h ago on Oct 2, 2026· 39m 55s· 8 players
Game mode
Random Map
Map size
Large (8 player)
Population
200
Speed
Normal
Resources
Standard
Victory
Conquest
Starting age
Dark Age
Ending age
Imperial Age
RankedLock teamsTeams togetherTeam positionsShared explorationLock speedFull tech treeHidden civsTurbo modeCheats
Victory
Defeat
🇧🇩 Persians · Bangladesh
1244
+17
🇨🇳 Persians · China
1244
+17
🇷🇴 Ethiopians · Romania
1223
+18
🇨🇳 Saxons · China
1193
+19
🇬🇧 Bulgarians · United Kingdom
1331
-21
🇬🇧 Tupi · United Kingdom
1289
-20
🇨🇱 Mapuche · Chile
1226
-16
🇸🇪 Turks · Sweden
1181
-14
Sageata
10:28 Feudal Age
14:30 Castle Age
13:08 Double-Bit Axe
13:06 Horse Collar
15:21 Bow Saw
16:28 Heavy Plow
19:16 Loom
21:54 Wheelbarrow
21:33 Fletching
21:55 Crossbowman
23:10 Gold Mining
24:00 Bodkin Arrow
25:57 Hand Cart
29:11 Imperial Age
27:06 Padded Archer Armor
30:13 Gold Shaft Mining
29:29 Stone Mining
29:16 Arbalester
30:22 Bracer
30:54 Ballistics
31:35 Chemistry
31:44 Town Watch
32:57 Leather Archer Armor
32:22 Light Cavalry
34:57 Chemistry
34:04 Siege Engineers
35:19 Ring Archer Armor
36:41 Scale Barding Armor
36:46 Forging
37:35 Stone Shaft Mining
39:03 Hussar
40:03 Town Patrol
Kamrul007
7:51 Loom
11:14 Feudal Age
15:34 Castle Age
13:55 Double-Bit Axe
14:13 Horse Collar
18:13 Wheelbarrow
18:07 Town Watch
20:24 Bow Saw
22:15 Bloodlines
23:08 Heavy Plow
26:11 Scale Barding Armor
26:17 Forging
26:14 Husbandry
27:17 Hand Cart
31:16 Imperial Age
30:46 Iron Casting
30:32 Chain Barding Armor
31:12 Gold Mining
31:13 Stone Mining
30:58 Cavalier
32:01 Conscription
32:44 Blast Furnace
32:40 Gold Shaft Mining
34:18 Stone Shaft Mining
34:16 Scale Mail Armor
34:52 Plate Barding Armor
33:55 Pikeman
34:20 Gambesons
34:36 Squires
34:22 Arson
34:29 Savar
35:40 Town Patrol
35:28 Halberdier
36:26 Chain Mail Armor
36:13 Murder Holes
36:53 Ballistics
37:49 Plate Mail Armor
37:14 Light Cavalry
38:24 Hussar
Mryo's fans
10:08 Feudal Age
11:27 Loom
14:45 Castle Age
13:50 Double-Bit Axe
20:51 Wheelbarrow
20:01 Horse Collar
21:05 Gold Mining
21:18 Heavy Plow
27:19 Gold Shaft Mining
30:05 Crossbowman
42:30 Imperial Age
40:32 Thumb Ring
迪酒不沾丶
11:29 Feudal Age
12:16 Double-Bit Axe
12:15 Horse Collar
15:08 Castle Age
16:07 Bow Saw
16:04 Heavy Plow
15:59 Loom
17:03 Wheelbarrow
19:38 Town Watch
21:15 Gold Mining
25:12 Hand Cart
25:05 Stone Mining
25:50 Gold Shaft Mining
29:17 Imperial Age
28:13 Scale Barding Armor
28:18 Forging
28:17 Town Patrol
29:14 Chain Barding Armor
29:15 Bloodlines
29:05 Husbandry
28:57 Cavalier
30:53 Iron Casting
31:05 Crop Rotation
31:39 Two-Man Saw
30:28 Savar
32:07 Plate Barding Armor
33:24 Plate Barding Armor
33:53 Blast Furnace
33:34 Conscription
35:10 Coinage
36:28 Capped Ram
37:40 Siege Ram
38:55 Banking
Peshmerga424
2:55 Loom
10:36 Feudal Age
14:54 Castle Age
20:49 Imperial Age
18:44 Double-Bit Axe
18:58 Horse Collar
27:35 Wheelbarrow
26:46 Loom
30:52 Forging
35:52 Bloodlines
36:56 Scale Barding Armor
37:30 Iron Casting
36:40 Heavy Camel Rider
37:21 Husbandry
DizzyLeChuck
10:02 Feudal Age
13:40 Castle Age
12:01 Horse Collar
12:24 Champi Runner
13:03 Champi Runner
14:04 Scale Mail Armor
14:14 Loom
14:03 Champi Warrior
15:31 Squires
17:19 Chain Mail Armor
16:53 Arson
18:54 Forging
20:22 Iron Casting
21:45 Double-Bit Axe
27:55 Wheelbarrow
31:55 Hand Cart
33:29 Pikeman
36:42 Imperial Age
34:46 Bow Saw
34:36 Heavy Plow
34:28 Gold Mining
34:29 Stone Mining
36:24 Town Watch
37:44 Halberdier
39:06 Plate Mail Armor
AoR | StubbyTheAngryBeaver
11:14 Feudal Age
9:33 Loom
11:18 Feudal Age
16:39 Castle Age
14:33 Stone Mining
15:41 Double-Bit Axe
15:47 Horse Collar
16:04 Gold Mining
27:52 Fletching
28:58 Heavy Plow
29:10 Bow Saw
29:41 Wheelbarrow
32:52 Stone Shaft Mining
32:38 Hand Cart
36:50 Imperial Age
36:19 Bodkin Arrow
Hundeknacker
12:14 Feudal Age
16:20 Castle Age
15:05 Horse Collar
15:11 Double-Bit Axe
21:44 Heavy Plow
23:11 Loom
24:01 Wheelbarrow
23:12 Town Watch
25:03 Scale Mail Armor
25:57 Forging
26:22 Chain Mail Armor
27:40 Iron Casting
30:37 Imperial Age
28:02 Gold Mining
28:02 Stone Mining
28:24 Fletching
28:57 Padded Archer Armor
30:10 Gold Shaft Mining
29:45 Bow Saw
31:49 Bodkin Arrow
32:09 Leather Archer Armor
32:28 Crop Rotation
34:01 Conscription
33:38 Crossbowman
33:43 Elite Skirmisher
35:25 Ring Archer Armor
35:18 Malon
36:27 Butalmapu
35:46 Elite Bolas Rider
38:35 Chemistry
39:17 Ballistics
Connection lost

Rejoining the realm…

Still unreachable

The connection could not be restored.

Session expired

The server has moved on; the page needs a fresh start.